 Dungeon Crawl Stone Soup version 0.28-a0-984-g3775c662fe (webtiles) character file.

Game seed: 6986282724706524415

4930 porpoise the Thaumaturge (level 10, -22/59 HPs)
             Began as a Deep Elf Conjurer on Dec 4, 2021.
             Was an Initiate of Vehumet.
             Shot with an arrow by a centaur warrior (26 damage)
             ... on level 9 of the Dungeon.
             The game lasted 00:43:59 (15173 turns).

porpoise the Thaumaturge (Deep Elf Conjurer)       Turns: 15173, Time: 00:44:00

Health: -22/59     AC:  4    Str:  6    XL:     10   Next: 27%
Magic:  18/25      EV: 12    Int: 26    God:    Vehumet [......]
Gold:   73         SH:  0    Dex: 13    Spells: 6/27 levels left

rFire   . . .      SeeInvis .   a - +9 flail "Giromeic" {speed, rElec rN+}
rCold   . . .      Faith    .   (no shield)
rNeg    + + .      Spirit   .   D - +2 robe {Will+}
rPois   .          Reflect  .   (no helmet)
rElec   +          Harm     .   d - scarf {+Inv}
rCorr   .          Rampage  .   (no gloves)
Will    ++...                   (no boots)
Stlth   ++........              (no amulet)
HPRegen 0.19/turn               s - ring of positive energy
MPRegen 0.19/turn               (no ring)

@: studying Stealth
A: no striking features
a: Renounce Religion, Evoke Invisibility


You were on level 9 of the Dungeon.
You worshipped Vehumet.
Vehumet was noncommittal.
You visited 2 branches of the dungeon, and saw 10 of its levels.

You collected 1349 gold pieces.
You spent 1276 gold pieces at shops.

Inventory:

Hand Weapons
 a - the +9 flail "Giromeic" (weapon) {speed, rElec rN+}
   (You found it on level 7 of the Dungeon)

   Attacks with this weapon are significantly faster.
   rElec:     It insulates you from electricity.
   rN:        It protects you from negative energy.
 b - a +0 hunting sling of flaming
 l - a +0 short sword
 H - a +2 whip of venom
Missiles
 g - 157 sling bullets
 i - 302 stones
 k - 52 poisoned darts
 o - 8 boomerangs
 p - 4 throwing nets
 F - a curare-tipped dart
Armour
 d - a scarf of invisibility (worn)
 D - a +2 robe of willpower (worn)
Magical Staves
 A - a staff of death
Jewellery
 s - a ring of positive energy (left hand)
 u - a ring of fire
 w - an amulet of faith
Wands
 c - a wand of flame (36)
 t - a wand of polymorph (8)
 C - a wand of digging (4)
Scrolls
 e - a scroll of enchant armour
 j - a scroll of noise
 v - a scroll of fear
 y - a scroll of immolation
Potions
 f - a potion of brilliance
 n - 2 potions of cancellation
 r - 5 potions of heal wounds
 x - 2 potions of curing
 z - a potion of might
 B - a potion of lignification
 G - a potion of attraction {unknown}


   Skills:
 - Level 5.0 Fighting
 - Level 2.4 Dodging
 - Level 3.3 Stealth
 - Level 9.0 Spellcasting
 - Level 7.0 Conjurations
 - Level 7.0 Hexes
 - Level 5.0 Translocations
 - Level 5.0 Transmutations
 - Level 5.0 Fire Magic
 + Level 5.5 Poison Magic


You had 6 spell levels left.
You knew the following spells:

 Your Spells              Type           Power      Damage    Failure   Level
a - Magic Dart            Conj           100%       1d8       1%          1
b - Searing Ray           Conj           96%        2d7       1%          2
c - Fulminant Prism       Conj/Hex       24%        3d13      2%          4
d - Iskenderun's Mystic   Conj/Tloc      42%        2d10      4%          4
i - Ignite Poison         Fire/Tmut/Pois 38%        N/A       1%          3
o - Olgreb's Toxic Radia  Pois           40%        N/A       5%          4
s - Stone Arrow           Conj/Erth      58%        3d10      3%          3

Your spell library contained the following spells:

 Spells                   Type           Power      Damage    Failure   Level
 Conjure Flame            Conj/Fire      42%        6-21      1%          3
 Dazzling Flash           Conj/Hex       96%        N/A       1%          3
 Sticky Flame             Conj/Fire      42%        2d6       4%          4
 Animate Armour           Summ/Erth      22%        N/A       45%         4
 Ozocubu's Refrigeration  Ice            5%         4d6       100%        7
 Ignition                 Fire           18%        3d7       100%        8
 Lehudib's Crystal Spear  Conj/Erth      14%        10d5      100%        8


Dungeon Overview and Level Annotations

Branches:
Dungeon (9/15)             Temple (1/1) D:5            Lair (0/6) D:8
    Orc (0/2) D:9

Altars:
Dithmenos
Elyvilon
Fedhas
Gozag
Hepliaklqana
Kikubaaqudgha
Makhleb
Nemelex Xobeh
Okawaru
Qazlal
Sif Muna
Trog
Uskayaw
Vehumet
Wu Jian
Yredelemnul
Zin
The Shining One

Shops:
D:1 :   D:3 *

Annotations:
D:9 3 runed translucent doors


Message History

Level annotation: 3 runed translucent doors Welcome back, porpoise the Deep Elf Conjurer.
Vehumet says: Let it end in hellfire!
Press ? for a list of commands and other information.
g - 157 sling bullets (gained 1)
There is an open door here.
Things that are here:
a +0 robe; a +3 dagger of chaos
There is an open door here.
h - a scroll of identify
As you read the scroll of identify, it crumbles to dust.
B - a potion of lignification You now have 73 gold pieces (gained 7).
The centaur warrior shouts!
The centaur warrior shoots an arrow.
The arrow hits you!!
Cast which spell? (? or * to list)
Aiming: Fulminant Prism (dangerous; 2% risk of failure)
Press: ? - help, Dir - move target You conjure a prism of explosive energy!
A fulminant prism comes into view.
The centaur warrior shoots an arrow.
The arrow hits you!!
* * * LOW HITPOINT WARNING * * *
x2
As you read the scroll of fog, it crumbles to dust.
The scroll dissolves into smoke.
You hear a loud crackle.
You hear an explosion!
Casting: Fulminant Prism (dangerous; 2% risk of failure)
Confirm with . or Enter, or press ? or * to list all spells.
Aiming: Fulminant Prism (dangerous; 2% risk of failure)
Press: ? - help, Dir - move target You conjure a prism of explosive energy!
A fulminant prism comes into view.
Something hits your fulminant prism.
Something kicks your fulminant prism but does no damage.
Your fulminant prism crackles loudly.
Found a stone staircase leading up.
You hear an explosion!
The centaur warrior wields a +1 vorpal shortbow.
The centaur warrior shoots an arrow.
The arrow hits you!!
You die...

#..#####...#
#..'[...._.. ..
##.#####...#####..
#.....#####......
###.........#<..
#............#
##...........#
#...........# #
##........@..# ##
#...........##
§### #....§§§..###
§§§# ######§§###
§§§# ##§c## §§c#
##§§## ...# #§*##
...#####§c###.
...##...§§.[..


You could see a centaur warrior.

Vanquished Creatures
  Psyche (D:9)
  Sigmund (D:6)
  4 yaks (D:9)
  3 water moccasins
  2 orc warriors
  3 sky beasts
  2 black bears
  An ice beast (D:6)
  2 necrophages
  2 ogres
  2 centaurs (D:8)
  2 kobold brigands
  3 bullfrogs (D:8)
  2 wyvern zombies
  A water moccasin zombie (D:6)
  2 gnoll sergeants
  3 scorpions
  5 killer bees (D:9)
  3 wights
  5 howler monkeys
  2 centaur zombies
  4 orc priests
  A gnoll shaman (D:3)
  A bullfrog skeleton (D:5)
  4 hounds
  3 centaur skeletons
  2 iguanas
  5 orc wizards
  A killer bee zombie (D:7)
  A hound zombie (D:5)
  A howler monkey zombie (D:5)
  3 adders
  20 gnolls
  3 white imps
  2 ufetubi
  2 worms (D:2)
  2 dart slugs
  48 orcs
  7 ball pythons
  3 endoplasms
  3 giant cockroaches
  4 hobgoblins
  18 jackals
  2 quokkas
  4 bats
  5 frilled lizards
  5 goblins
  9 kobolds
  5 rats
219 creatures vanquished.

Vanquished Creatures (others)
  21 fulminant prisms
  10 plants
31 creatures vanquished.

Grand Total: 250 creatures vanquished

Notes
Turn   | Place    | Note
-------+----------+-------------------------------------------
     0 | D:1      | porpoise the Deep Elf Conjurer began the quest for the Orb.
     0 | D:1      | Reached XP level 1. HP: 10/10 MP: 6/6
    54 | D:1      | Found a faded altar of an unknown god.
   468 | D:1      | Reached XP level 2. HP: 15/15 MP: 5/8
   498 | D:1      | Learned a level 2 spell: Searing Ray
  1040 | D:1      | Found Jocvuqao's Book Boutique.
  1368 | D:2      | Reached skill level 4 in Spellcasting
  1449 | D:2      | Reached skill level 5 in Conjurations
  1449 | D:2      | Reached XP level 3. HP: 14/19 MP: 2/10
  2146 | D:2      | Reached XP level 4. HP: 24/24 MP: 7/12
  2485 | D:3      | Found a glowing silver altar of Zin.
  2486 | D:3      | Found Zin's Purification Station.
  2655 | D:3      | Reached skill level 5 in Spellcasting
  2943 | D:3      | Reached XP level 5. HP: 28/28 MP: 8/14
  3247 | D:3      | Reached skill level 6 in Spellcasting
  3492 | D:2      | Reached XP level 6. HP: 9/32 MP: 1/17
  3733 | D:2      | Learned a level 4 spell: Fulminant Prism
  3738 | D:2      | Learned a level 4 spell: Iskenderun's Mystic Blast
  4036 | D:3      | Reached skill level 1 in Hexes
  4462 | D:3      | Reached skill level 7 in Spellcasting
  4662 | D:3      | Reached skill level 1 in Translocations
  5058 | D:4      | Reached XP level 7. HP: 29/36 MP: 6/19
  5302 | D:4      | Learned a level 4 spell: Olgreb's Toxic Radiance
  5306 | D:4      | Learned a level 3 spell: Ignite Poison
  6317 | D:5      | Entered Level 5 of the Dungeon
  6327 | D:5      | Found a staircase to the Ecumenical Temple.
  6343 | Temple   | Entered the Ecumenical Temple
  6618 | D:5      | Reached skill level 5 in Hexes
  6769 | D:5      | Found a hide-covered altar of Uskayaw.
  6780 | D:5      | Reached XP level 8. HP: 37/41 MP: 8/20
  7114 | D:5      | Reached skill level 5 in Translocations
  7316 | D:5      | Reached skill level 1 in Transmutations
  7352 | D:5      | Found a burning altar of Makhleb.
  8106 | D:6      | Noticed Sigmund
  8112 | D:6      | Killed Sigmund
  8113 | D:6      | Reached skill level 1 in Fighting
  8905 | D:6      | Found a bloodstained altar of Trog.
  8937 | D:6      | Reached XP level 9. HP: 48/48 MP: 16/22
  8974 | D:6      | Found a sparkling altar of Nemelex Xobeh.
  8977 | D:6      | Reached skill level 8 in Spellcasting
 10204 | D:7      | Reached skill level 5 in Transmutations
 10486 | D:7      | Reached skill level 1 in Fire Magic
 11163 | D:7      | Identified the +9 flail "Giromeic" {speed, rElec rN+}
 11524 | D:1      | Bought a book of Armaments for 396 gold pieces
 11528 | D:1      | Learned a level 3 spell: Stone Arrow
 11912 | D:8      | Reached skill level 9 in Spellcasting
 11927 | D:8      | Found a radiant altar of Vehumet.
 11929 | D:8      | Reached skill level 1 in Poison Magic
 12025 | D:8      | Identified a scroll of acquirement
 12025 | D:8      | Acquired 856 gold pieces
 12038 | D:8      | Became a worshipper of Vehumet
 12912 | D:1      | Bought a manual of Stealth for 880 gold pieces
 13597 | D:8      | Found a staircase to the Lair.
 13935 | D:9      | Found a staircase to the Orcish Mines.
 14200 | D:9      | Found a runed translucent gate.
 14200 | D:9      | Found a runed translucent gate.
 14200 | D:9      | Found a runed translucent gate.
 14201 | D:9      | Noticed a red ugly thing
 14201 | D:9      | Noticed a red ugly thing
 14201 | D:9      | Noticed a cyan ugly thing
 14202 | D:9      | Noticed a purple ugly thing
 14202 | D:9      | Noticed a cyan ugly thing
 14202 | D:9      | Noticed a cyan ugly thing
 14615 | D:9      | Reached XP level 10. HP: 58/58 MP: 16/25
 14622 | D:9      | Noticed a centaur warrior
 14911 | D:9      | Found a white marble altar of Elyvilon.
 14911 | D:9      | Noticed Psyche
 14913 | D:9      | Killed Psyche
 14927 | D:9      | Reached skill level 5 in Fire Magic
 14930 | D:9      | Reached skill level 5 in Fighting
 14945 | D:8      | Reached skill level 5 in Poison Magic
 15165 | D:9      | HP: 2/59 [centaur warrior/arrow (6)]
 15173 | D:9      | Shot with an arrow by a centaur warrior

Illustrated notes

Levels and vault maps discovered:
D:1:      wander_arrival_abandoned_jail, layout_basic, serial_shops,
          nicolae_square_shop, shapermc_ecumenical_altar_mp_urbaneastern
D:2:      layout_loops_ring, minmay_misc_feat_ornament
D:3:      lemuel_castle_with_subvaults [lemuel_castle_interior_carwin_1],
          layout_loops_cross, zin_purify
D:4:      layout_basic
D:5:      layout_basic, nicolae_uskayaw_dance_hall,
          mainiacjoe_overflow_concentric_impassable, minmay_temple_entry_slanted
D:6:      layout_gridville, mainiacjoe_overflow_two_lobes,
          nicolae_grassy_gnolls, uniq_sigmund
D:7:      layout_loops_corners
D:8:      layout_loops_corners, vehumet_altar_wand_db, lair_entry_dummy,
          kennysheep_generic_room_16
D:9:      layout_cave_pods, mainiacjoe_overflow_surrounded_room, orc_0_dummy,
          ploomutoo_gammafunk_ghost_potion_laboratory, uniq_psyche
Temple:   bh_familiar_temple

Skill      XL: |  1  2  3  4  5  6  7  8  9 10 |
---------------+-------------------------------+-----
Spellcasting   | 4 5 6 7 9 |  9.0
Conjurations   | 5 6 7 |  7.0
Hexes          | 2 6 7 |  7.0
Stealth        | 3 |  3.3
Translocations | 1 4 5 |  5.0
Transmutations | 4 5 |  5.0
Fighting       | 2 4 5 |  5.0
Fire Magic     | 4 5 |  5.0
Poison Magic   | 3 5 |  5.5
Dodging        | |  2.4

Action                   |  1- 3 |  4- 6 |  7- 9 | 10-12 || total
-------------------------+-------+-------+-------+-------++-------
Melee: Whip              |       |     6 |       |       ||     6
       Short sword       |       |     1 |       |       ||     1
       Flail             |       |       |       |     2 ||     2
 Fire: Hunting sling     |       |       |    27 |     2 ||    29
 Cast: Magic Dart        |    47 |    48 |     3 |       ||    98
       Searing Ray       |     9 |    50 |    75 |     2 ||   136
       Iskenderun's Myst |       |       |     9 |     4 ||    13
       Fulminant Prism   |       |       |    13 |     8 ||    21
       Stone Arrow       |       |       |     9 |     2 ||    11
Evoke: Wand              |       |       |       |     2 ||     2
  Use: Scroll            |       |     3 |    13 |     4 ||    20
       Potion            |       |       |       |     2 ||     2
Armor: Robe              |     1 |     1 |     9 |     1 ||    12
Dodge: Dodged            |     5 |    16 |    35 |     9 ||    65

Table legend: (Time is in decaauts)
 A = Elapsed time spent in this place.
 B = Non-inter-level travel time spent in this place.
 C = Inter-level travel time spent in this place.
 D = Time resting spent in this place.
 E = Time spent auto-exploring this place.
 F = Levels seen in this place.
 G = Mean time per level.
                   A        B        C        D        E       F      G
               +--------+--------+--------+--------+--------+-----+--------+
         Total |  15219 |  14246 |    973 |   6799 |   5751 |  10 | 1521.9 |
       Dungeon |  15029 |  14076 |    953 |   6799 |   5583 |   9 | 1669.9 |
        Temple |    190 |    170 |     20 |      0 |    168 |   1 |  190.0 |
               +--------+--------+--------+--------+--------+-----+--------+

Top non-repeatable levels by time:
     D:6: 2323 daAuts
     D:3: 2289 daAuts
     D:8: 2171 daAuts
     D:1: 1697 daAuts
     D:7: 1612 daAuts
     D:4: 1482 daAuts
     D:5: 1409 daAuts
     D:2: 1174 daAuts
     D:9: 869 daAuts
  Temple: 190 daAuts
